 Dungeon Crawl Stone Soup version 0.19-a0-1888-g6ba2374 (webtiles) character file.

329 Naow the Chopper (level 6, 0/47 HPs)
             Began as a Formicid Fighter on Oct 17, 2016.
             Slain by an ogre
             ... wielding a +0 giant club
              (14 damage)
             ... on level 4 of the Dungeon.
             The game lasted 00:03:55 (3061 turns).

Naow the Chopper (Formicid Fighter)                 Turns: 3061, Time: 00:03:55

Health: 0/47       AC: 11    Str: 28    XL:     6   Next: 80%
Magic:  6/6        EV:  5    Int:  7    God:
Gold:   111        SH: 10    Dex: 10    Spells: 0 memorised, 5 levels left

rFire  . . .     SeeInvis +     a - +0 war axe
rCold  . . .     Gourm    +     e - +0 plate armour
rNeg   . . .     Faith    .     c - +0 shield
rPois  .         Spirit   .     (helmet unavailable)
rElec  .         Dismiss  .     (no cloak)
rCorr  .         Reflect  .     (no gloves)
MR     .....     Harm     .     (no boots)
Stlth  ..........               r - amulet of the gourmand
                                (no ring)
                                (no ring)

@: mighty
A: permanent stasis, dig shafts and tunnels, four strong arms, antennae 3
a: Dig, Shaft Self


You were on level 4 of the Dungeon.
You were completely stuffed.

You visited 1 branch of the dungeon, and saw 4 of its levels.

You collected 111 gold pieces.

Inventory:

Hand Weapons
 a - a +0 war axe (weapon)
Armour
 b - a +0 scale mail
 c - a +0 shield (worn)
 e - a +0 plate armour (worn)
Jewellery
 r - an amulet of the gourmand (around neck)
Scrolls
 j - 2 scrolls of remove curse {unknown}
 k - 2 scrolls of teleportation {unknown}
 l - 3 scrolls of identify {unknown}
 m - a scroll of fear {unknown}
Potions
 d - a potion of might
 h - a potion of brilliance {unknown}
 i - 2 potions of lignification {unknown}
 o - a potion of mutation {unknown}
 p - a potion of curing {unknown}
Comestibles
 f - 2 bread rations
 g - 2 meat rations
 n - 4 fruits
 q - a slice of pizza
 s - 3 chunks of flesh


   Skills:
 - Level 3.4 Fighting
 + Level 6.4 Axes
 - Level 3.4 Armour
 - Level 3.8 Shields


You had 5 spell levels left.
You didn't know any spells.

Dungeon Overview and Level Annotations

Branches:
Dungeon (4/15)
 Temple: D:4-7

Altars:
Elyvilon
The Shining One


Innate Abilities, Weirdness & Mutations

You are under a permanent stasis effect.
You can dig through walls and to a lower floor.
Your four strong arms can wield two-handed weapons with a shield.
You have a pair of large antennae on your head. (SInv)


Message History

You see here a war axe of pain.
An ogre comes into view. It is wielding a giant club.
The orc wizard looks braver for a moment.
The orc wizard miscasts a cantrip.
Found a broad axe.
Your plate armour prevents you from hitting the orc wizard.
You block the orc wizard's attack. You block the ogre's attack.
You slash the ogre!
The ogre is heavily wounded.
Your shield and plate armour prevent you from hitting the orc wizard.
The orc wizard barely misses you. The ogre hits you with a giant club!!
The orc wizard points at you and mumbles some strange words.
The puff of flame hits you!
* * * LOW HITPOINT WARNING * * *
You see here a war axe of pain.
You feel very mighty all of a sudden.
You slash the ogre!
The ogre is severely wounded.
The ogre hits you with a giant club!
You die...

#. .###.. { ..... ...# {{
########...###
####...@O...#...#
#...รท####o)...#..
#######.######)))....##
##.......# #..o.....$#
###..####### #.........#
....############.........#
.......<.................#
###############...........
##........##


You could see an ogre and an orc wizard.

Vanquished Creatures
  Sigmund (D:3)
  An orc wizard (D:4)
  5 adders
  A shadow imp (D:3)
  An ooze (D:1)
  An adder skeleton (D:4)
  A worm (D:3)
  2 dart slugs
  4 leopard geckos
  5 orcs
  4 giant cockroaches
  8 goblins
  8 hobgoblins
  16 jackals
  8 kobolds
  5 bats
  2 frilled lizards
  A quokka skeleton (D:3)
  6 rats
80 creatures vanquished.

Notes
Turn   | Place    | Note
-------+----------+-------------------------------------------
     0 | D:1      | Naow the Formicid Fighter began the quest for the Orb.
     0 | D:1      | Reached XP level 1. HP: 18/18 MP: 1/1
   112 | D:1      | Reached XP level 2. HP: 24/24 MP: 2/2
   447 | D:1      | Reached XP level 3. HP: 29/29 MP: 3/3
   536 | D:1      | Reached skill level 3 in Axes
  1121 | D:2      | Reached XP level 4. HP: 35/35 MP: 4/4
  1436 | D:2      | Reached skill level 4 in Axes
  1935 | D:3      | Reached XP level 5. HP: 16/41 MP: 5/5
  2883 | D:3      | Found a glowing golden altar of the Shining One.
  2883 | D:3      | Found a faded altar of an unknown god.
  2888 | D:3      | Found a faded altar of an unknown god.
  2890 | D:3      | Found a white marble altar of Elyvilon.
  2890 | D:3      | Noticed Sigmund
  2891 | D:3      | Found a faded altar of an unknown god.
  2900 | D:3      | Killed Sigmund
  2900 | D:3      | Reached skill level 6 in Axes
  2900 | D:3      | Reached XP level 6. HP: 43/47 MP: 6/6
  3049 | D:4      | Noticed an ogre
  3061 | D:4      | Slain by an ogre

Vault maps used:
D:1:      nicolae_arrival_somewhat_less_tricky_arrival, serial_forest,
          infiniplex_forest_clump_small, infiniplex_forest_lined_1,
          infiniplex_forest_lined_corner, infiniplex_forest_corner_1,
          infiniplex_forest_clump_double, infiniplex_forest_end_3,
          minmay_misc_feat_ornament, kennysheep_crisscross, corexii_corridor_pit
D:2:      first_bread
D:3:      chequers_temple_overflow_minitemple, uniq_sigmund
D:4:      nicolae_overflow_hidden_temple, serial_shops, shop,
          nicolae_shop_waterfront, nicolae_shop_overgrown_old_shop, minmay_bent,
          uniq_menkaure

Skill      XL: |  1  2  3  4  5 |
---------------+----------------+-----
Axes           | 3 4 6 |  6.4
Fighting       | |  3.4
Armour         | |  3.4
Shields        | |  3.8

Action                   |  1- 3 |  4- 6 || total
-------------------------+-------+-------++-------
Melee: War axe           |    79 |   207 ||   286
  Use: Potion            |       |     1 ||     1
  Eat: Chunk             |     1 |    19 ||    20
Armor: Plate armour      |    42 |   126 ||   168
Dodge: Dodged            |     9 |    47 ||    56
Block: Shield            |    42 |   126 ||   168
